 Dungeon Crawl Stone Soup version 0.24.1-4-ge52af88ad5 (webtiles) character file.

Game seed: 786218213684439608, levelgen mode: deterministic

59 Gynju the Sneak (level 3, -2/16 HPs)
             Began as a Spriggan Enchanter on Apr 17, 2020.
             Was an Initiate of Gozag.
             Slain by a worm (11 damage)
             ... on level 3 of the Dungeon.
             The game lasted 00:02:14 (2292 turns).

Gynju the Sneak (Spriggan Enchanter)                Turns: 2292, Time: 00:02:15

Health: -2/16      AC:  2    Str:  4    XL:     3   Next: 78%
Magic:  1/9        EV: 18    Int: 17    God:    Gozag
Gold:   126        SH:  0    Dex: 16    Spells: 6/9 levels left

rFire    . . .     SeeInvis +   a - +1 dagger
rCold    . . .     Gourm    .   (shield restricted)
rNeg     . . .     Faith    .   b - +0 robe
rPois    .         Spirit   .   (helmet restricted)
rElec    .         Reflect  .   (no cloak)
rCorr    .         Harm     .   (gloves unavailable)
MR       .....                  (boots unavailable)
Stlth    +++.......             (no amulet)
HPRegen  0.05/turn              (no ring)
MPRegen  0.11/turn              (no ring)

@: very slightly contaminated, very quick
A: very small, unfitting armour, see invisible, herbivore, speed 3, slow
metabolism 2
a: Potion Petition, Call Merchant, Bribe Branch, Renounce Religion


You were on level 3 of the Dungeon.
You worshipped Gozag.
Gozag was aware of your devotion.
You were not hungry.

You visited 1 branch of the dungeon, and saw 3 of its levels.

You collected 169 gold pieces.
You paid 43 gold pieces to Gozag.

Inventory:

Hand Weapons
 a - a +1 dagger (weapon)
Armour
 b - a +0 robe (worn)
Jewellery
 c - an uncursed ring of protection from magic {unknown}
 k - a +3 ring of evasion {unknown}
Scrolls
 e - a scroll of fear {unknown}
 g - a scroll of teleportation {unknown}
 h - a scroll of immolation {unknown}
 i - 2 scrolls of identify {unknown}
 j - 3 scrolls of remove curse {unknown}
 m - a scroll of amnesia {unknown}
 o - a scroll of magic mapping {unknown}
 p - a scroll of random uselessness {unknown}
 q - a scroll of enchant weapon {unknown}
Potions
 f - a potion of ambrosia {unknown}
 l - a potion of curing {unknown}
 n - 2 potions of flight {unknown}
Comestibles
 d - 5 rations


   Skills:
 - Level 1.1 Short Blades
 - Level 3.0 Dodging
 + Level 5.5 Stealth
 + Level 3.7 Spellcasting
 + Level 4.4 Hexes


You had 6 spell levels left.
You knew the following spells:

 Your Spells              Type           Power        Failure   Level  Hunger
a - Corona                Hex            ###....      2%          1    None
b - Ensorcelled Hibernat  Hex/Ice        ##....       10%         2    ##.....

Your spell library contained the following spells:

 Spells                   Type           Power        Failure   Level  Hunger
 Confuse                  Hex            ###.....     8%          3    ###....
 Tukima's Dance           Hex            ###.....     8%          3    ###....
 Dazzling Spray           Conj/Hex       ##....       21%         3    ###....


Dungeon Overview and Level Annotations

Branches:
Dungeon (3/15)

Altars:
Gozag
Xom


Innate Abilities, Weirdness & Mutations

You are very small and have problems with some larger weapons.
You are too small for most types of armour.
You have supernaturally acute eyesight. (SInv)
You are a herbivore.
You cover ground extremely quickly.
You need to consume almost no food.


Message History

Aiming: Ensorcelled Hibernation (safe; 10% risk of failure)
Press: ? - help, Shift-Dir - straight line, f/p - worm
Aim: a worm (chance to defeat MR: 50%)
The worm resists with some effort.
The worm bites you.
Casting: Ensorcelled Hibernation (safe; 10% risk of failure)
Confirm with . or Enter, or press ? or * to list all spells.
You don't have enough magic to cast that spell.
You hit the worm.
The worm is lightly wounded.
You hit the worm.
The worm is moderately wounded.
The worm closely misses you.
You barely miss the worm.
The worm is lightly wounded.
You hit the worm.
The worm is moderately wounded.
The worm bites you!
Ouch! That really hurt!
You die...
Your body crumbles into a pile of gold.

# ##### ##.
...# #...###.##
#.w@...####.#
#...###...$...#
##.
##!######..# ..
#...<.....# .#
########..# #


You could see a worm.

Vanquished Creatures
  2 adders (D:2)
  An ooze (D:2)
  2 worms (D:2)
  A leopard gecko (D:1)
  A ball python (D:1)
  A giant cockroach (D:2)
  5 goblins
  4 hobgoblins
  3 kobolds
  A quokka (D:2)
  4 bats
  6 rats
31 creatures vanquished.

Notes
Turn   | Place    | Note
-------+----------+-------------------------------------------
     0 | D:1      | Gynju the Spriggan Enchanter began the quest for the Orb.
     0 | D:1      | Reached XP level 1. HP: 9/9 MP: 5/5
   520 | D:1      | Reached XP level 2. HP: 2/13 MP: 5/7
   524 | D:1      | Learned a level 2 spell: Ensorcelled Hibernation
  1174 | D:1      | Reached skill level 5 in Stealth
  1493 | D:2      | Reached XP level 3. HP: 14/16 MP: 5/8
  1835 | D:2      | Found an opulent altar of Gozag.
  1844 | D:2      | Became a worshipper of Gozag Ym Sagoz the Greedy
  2076 | D:2      | Found a shimmering altar of Xom.
  2292 | D:3      | Slain by a worm

Levels and vault maps discovered:
D:1:      mainiacjoe_arrival_reflecting_pool, layout_basic
D:2:      layout_loops_ring, tgw_xom,
          nicolae_gozag_cash_rules_everything_around_me
D:3:      layout_loops_ring

Skill      XL: |  1  2 |
---------------+-------+-----
Spellcasting   | 3 |  3.7
Hexes          | 4 |  4.4
Stealth        | 5 |  5.5
Short Blades   | |  1.1
Dodging        | |  3.0

Action                   || total
-------------------------++-------
Melee: Dagger            ||   112
 Cast: Corona            ||     8
       Ensorcelled Hiber ||    16
 Stab: Sleeping          ||    16
Armor: Robe              ||    12
Dodge: Dodged            ||   128
